Mr T, lawful female dwarven Valkyrie --- ---. --- |... |..---.|.- |......|.| --- ---...--.| --.------------ --- |...|...| |..........Ih.| |..--.--|...-- |.h.....-----a--- |.....|--....| |.---..-- |.a.| ---..-|......| |.| |..| ---I--- |...|......| |.| ---- ---...| ---.--.....--|.| |.I--.-- |.........||.| ----..I...--- --------------- | ---.......--.| ----...I^I.......^..................>- |....--....| --.|.....II....-- - ------------- --- |-...|---..----..............- --.----....-- |...||....---...----.... |....|......| |..--|-...| |..-- .... --......--.-- |..| |<..-- ---- .....? ---.------- ---- --.-- ------- --- --- Mr T the Fighter Experience level: 6 Strength: 17 Dexterity: 13 Constitution: 16 Intelligence: 9 Wisdom: 10 Charisma: 9 Health: 0(52) Energy: 10(10) Def: 15 Gold: 0 Moves: 4004 Dungeon seed: pYTDJCBfAcf8Zyr9 Game ID: Mr T_1511231225 Your Inventory: Weapons a - a +1 long sword (weapon in hand) b - a +0 dagger (in quiver) L - 7 +0 shuriken Armor e - an uncursed burnt +3 small shield (being worn) r - an uncursed +0 elven mithril-coat (being worn) x - an uncursed +4 pair of speed boots (being worn) Y - a blessed +1 oilskin cloak (being worn) Comestibles c - 2 uncursed food rations H - an uncursed partly eaten food ration U - an uncursed fortune cookie Scrolls M - an uncursed scroll of gold detection Rings o - an uncursed ring of invisibility Tools t - an uncursed oil lamp (0:533) A - an uncursed magic whistle Gems n - an uncursed worthless piece of blue glass q - an uncursed worthless piece of orange glass Spells and supernatural/magical abilities: Name Level Category Fail Memory W - pray for help -- divine ? -- Your skills at the end: Fighting Skills Weapon Skills dagger [Basic] long sword [Skilled] Spellcasting Skills Final Attributes: You were piously aligned. You were cold resistant. You had infravision. You were stealthy. You were very fast. You are dead. Vanquished creatures: a giant mimic 2 leprechauns 2 orc mummies 2 human zombies a rope golem a quasit 2 orc shamans a shrieker 2 little dogs 4 homunculi a giant bat a werejackal 2 iguanas 6 killer bees an acid blob 5 coyotes a gas spore a hobbit a hobgoblin a giant rat 4 cave spiders a brown mold a yellow mold a green mold 3 gnomes 2 gnome zombies 4 geckos 3 jackals a fox 2 kobolds 3 grid bugs a lichen 2 newts 66 creatures vanquished. Voluntary challenges: You used a wielded weapon 86 times, starting on turn 150. You were illiterate. You never genocided any monsters. You never polymorphed an object. You never changed form. You used no wishes. You never split a pudding. You never wrote Elbereth's name. You violated your moral code, losing 2 points of alignment, starting on turn 3957. Dungeon overview: The Dungeons of Doom: levels 1 to 9 Level 1 a long staircase Level 2 Level 3 stairs to The Gnomish Mines Level 4 Level 5 Level 6 Level 7 an armor shop, an altar to Odin, some fountains, some sinks Level 8 many fountains Level 9 The Gnomish Mines: levels 4 to 8 Level 4 stairs to The Dungeons of Doom Level 5 Level 6 many shops, a temple to Odin, some fountains Level 7 Level 8 <- You were here History has recorded: On T:1 you entered the Dungeons of Doom to retrieve the Amulet of Yendor! On T:35 you reached level 2 of The Dungeons of Doom. On T:140 you reached level 3 of The Dungeons of Doom. On T:223 you reached level 4 of The Dungeons of Doom. On T:457 you reached level 5 of The Dungeons of Doom. On T:511 you advanced to experience level 2. On T:546 you reached level 6 of The Dungeons of Doom. On T:569 you advanced to experience level 3. On T:663 you reached level 7 of The Dungeons of Doom. On T:862 you reached level 8 of The Dungeons of Doom. On T:1272 you advanced to experience level 4. On T:1834 you reached level 9 of The Dungeons of Doom. On T:2280 you advanced to experience level 5. On T:2623 you reached level 1 of The Gnomish Mines. On T:2768 you reached level 2 of The Gnomish Mines. On T:2938 you advanced to experience level 6. On T:2968 you reached level 4 of The Gnomish Mines. On T:2976 you reached level 3 of The Gnomish Mines. On T:2994 you reached level 5 of The Gnomish Mines. Score breakdown: Gold: 0 ( 0 points) Experience: 6 levels (12456 points) Exploration: 9 levels ( 18.37%) (12247 points) Discoveries: 9 items ( 3.66%) ( 5738 points) Valuables value: (no points given unless you survive) Artifact value: 0 ( 0 points) Variety of kills: 33 monsters ( 8.66%) ( 8829 points) Turncount: 4004 turns (-1026 points) Survival: died (score multiplied by 80%) Total score: 30595 Latest messages: It hits! It misses. It bites! You hear some noises. You kill it! It misses. (3x) Valkyrie needs food, badly! It hits! (2x) You hear some noises in the distance. It misses. (2x) You sense a monster nearby! It gets angry! You kill it! It misses. You hit it. It bites! You hit it. It bites! You miss it. It bites! You miss it. It misses. You can see again. You miss the giant ant. The giant ant bites! You die... Final status: Farvel Mr T the Valkyrie, killed by a giant ant... You died in The Gnomish Mines on dungeon level 8 with 30595 points, and 0 pieces of gold, after 4004 moves. You were level 6 with a maximum of 52 hit points when you died.